 Dungeon Crawl Stone Soup version 0.23.2-30-g0e89c35649 (webtiles) character file.

Game seed: 11709038096598461556

3847 raetorn the Carver (level 10, -11/70 HPs)
             Began as a Vine Stalker Fighter on June 10, 2019.
             Was a High Priest of Cheibriados.
             Killed from afar by a fire dragon (34 damage)
             ... with a blast of flame
             ... on level 8 of the Dungeon.
             The game lasted 00:08:25 (5644 turns).

raetorn the Carver (Vine Stalker Fighter)           Turns: 5644, Time: 00:08:25

Health: -11/70     AC: 25    Str: 38    XL:     10   Next: 18%
Magic:  0/15       EV:  2    Int: 22    God:    Cheibriados [*****.]
Gold:   456        SH:  0    Dex: 28    Spells: 9/9 levels left

rFire    . . .     SeeInvis .   a - +0 long sword
rCold    . . .     Gourm    .   (no shield)
rNeg     + + +     Faith    +   (armour currently unavailable)
rPois    +         Spirit   +   (helmet currently unavailable)
rElec    .         Reflect  .   (cloak currently unavailable)
rCorr    .         Harm     .   (gloves currently unavailable)
MR       +....     NoTele   +   (boots currently unavailable)
Stlth    +++.......             l - amulet of faith
HPRegen  0.61/turn              y - ring of stealth
MPRegen  0.14/turn              O - +2 ring of slaying

@: mighty, tree-form, very slow
A: regeneration 1, magic shield, no potion heal 3, rot immunity
a: Bend Time, Temporal Distortion, Slouch, Step From Time, Renounce Religion


You were on level 8 of the Dungeon.
You worshipped Cheibriados.
Cheibriados was extremely pleased with you.
You were not hungry.
You were a tree.
You visited 1 branch of the dungeon, and saw 8 of its levels.

You collected 456 gold pieces.

Inventory:

Hand Weapons
 a - a +0 long sword (weapon)
 b - a +4 shortbow of freezing
 m - a +0 dagger of venom
Missiles
 g - 49 arrows
 i - 65 bolts
 w - 16 javelins (quivered)
 x - 65 sling bullets
Armour
 A - a +0 pair of boots (melded)
 D - the cursed +1 chain mail of Midwinter (melded) {MR+ Dex+4}
   (You found it on level 5 of the Dungeon)

   It affects your dexterity (+4).
   It affects your resistance to hostile enchantments.
   It has a curse placed upon it.
 F - the +2 helmet of the Final Wishes (melded) {*Slow rElec Dex+2}
   (You found it on level 5 of the Dungeon)

   It affects your dexterity (+2).
   It insulates you from electricity.
   It may slow you when you take damage.
Magical Staves
 M - an uncursed staff of wizardry
 N - an uncursed staff of cold {unknown}
Jewellery
 l - an amulet of faith (around neck)
 r - an uncursed amulet of harm {unknown}
 y - a ring of stealth (left branch)
 L - the ring of the Butterfly {*Corrode rC+ rN++ Str+3}
   (You took it off an orc on level 7 of the Dungeon)

   [ring of strength]

   It affects your strength (+3).
   It protects you from cold.
   It greatly protects you from negative energy.
   It may corrode you when you take damage.
 O - a +2 ring of slaying (right branch)
Wands
 B - a wand of acid (4)
 H - a wand of clouds (6)
 Q - a wand of digging (5)
Scrolls
 e - 5 scrolls of blinking {unknown}
 j - 13 scrolls of identify {unknown}
 k - 2 scrolls of amnesia {unknown}
 n - 3 scrolls of remove curse {unknown}
 p - 4 scrolls of teleportation {unknown}
 q - a scroll of enchant armour {unknown}
 C - a scroll of fear {unknown}
 G - a scroll of fog {unknown}
 I - 2 scrolls of magic mapping {unknown}
 J - a scroll of summoning {unknown}
 P - a scroll of torment {unknown}
Potions
 c - a potion of resistance {unknown}
 d - a potion of might
 h - 2 potions of lignification
 o - 5 potions of curing {unknown}
 s - 2 potions of heal wounds {unknown}
 t - a potion of brilliance {unknown}
 u - 2 potions of ambrosia {unknown}
 v - a potion of agility {unknown}
 z - a potion of flight {unknown}
 E - a potion of berserk rage {unknown}
 R - a potion of magic {unknown}
Comestibles
 f - 23 rations
 K - 2 chunks of flesh


   Skills:
 - Level 2.6 Fighting
 + Level 11.5 Long Blades
 + Level 1.0 Bows
 - Level 2.4 Armour
   Level 2.6 Shields
 + Level 6.5 Invocations


You had 9 spell levels left.
You didn't know any spells.
Your spell library contained the following spells:

 Spells                   Type           Power        Failure   Level  Hunger
 Corona                   Hex            #......      17%         1    ##.....
 Magic Dart               Conj           #...         17%         1    ##.....
 Ensorcelled Hibernation  Hex/Ice        #.....       26%         2    ###....
 Searing Ray              Conj           #.....       26%         2    ###....
 Confuse                  Hex            #.......     45%         3    ####...
 Dazzling Spray           Conj/Hex       #.....       45%         3    ####...
 Tukima's Dance           Hex            #.......     45%         3    ####...
 Force Lance              Conj/Tloc      #.......     86%         4    #####..
 Fulminant Prism          Conj/Hex       #.........   86%         4    #####..
 Iskenderun's Mystic Bla  Conj           #.......     86%         4    #####..


Dungeon Overview and Level Annotations

Branches:
Dungeon (8/15)             Temple (0/1) D:4            Lair (0/6) D:8

Altars:
Cheibriados
Gozag
Makhleb
Nemelex Xobeh
Okawaru
Qazlal
Sif Muna
Trog
Wu Jian
Yredelemnul


Innate Abilities, Weirdness & Mutations

((You have razor-sharp teeth.))
Your natural rate of healing is unusually fast.
When hurt, damage is shared between your health and your magic reserves.
((Your bite disrupts and absorbs the magic of your enemies.))
Potions cannot restore your health.
You are immune to rotting.


Message History

The fire dragon bites you but does no damage.
The fire dragon claws you but does no damage.
The fire dragon tramples you but does no damage.
You slash the fire dragon!
The fire dragon is heavily wounded.
The fire dragon bites you but does no damage.
The fire dragon claws you but does no damage.
The fire dragon tramples you but does no damage.
You barely miss the fire dragon.
The fire dragon is heavily wounded.
You slash the fire dragon!
The fire dragon is heavily wounded.
The fire dragon bites you but does no damage.
The fire dragon claws you but does no damage.
The fire dragon tramples you but does no damage.
You slice the fire dragon!!
The fire dragon is almost dead.
The fire dragon breathes flames at you. The blast of flame hits you!!!
You die...

##.##.# #.......####
..>...######.#.....#
.#.#.#.#####.#.###.#
.#...##..........#.#
.......#######.#.#.#
.....#.# #.....#
##.##.## ###.###
##.#### #.# <..# #♣#
#..# #D# ...# #(#
#..# (.. #..# ..§.#
#..# §≈≈..# #..#
..§§≈.# #...
§.§§≈§.# #..#
§≈≈..≈≈.#


You could see a fire dragon.

Vanquished Creatures
  An unseen horror (D:7)
  Pikel (D:6)
  3 yaks (D:7)
  3 hogs (D:7)
  A human (D:7)
  A sky beast (D:7)
  An ice beast (D:8)
  2 black bears (D:6)
  An ogre (D:4)
  2 phantoms
  A centaur (D:7)
  2 bullfrogs (D:7)
  3 scorpions
  A howler monkey (D:4)
  2 crimson imps (D:7)
  A bullfrog zombie (D:7)
  A bullfrog skeleton (D:2)
  An orc priest (D:4)
  4 hounds
  7 worker ants
  5 iguanas
  3 orc wizards
  A hound zombie (D:5)
  4 gnolls (D:6)
  A howler monkey skeleton (D:7)
  5 adders
  An adder skeleton (D:5)
  2 worms
  4 dart slugs
  3 leopard geckos
  27 orcs
  3 ball pythons
  6 bats
  5 giant cockroaches
  7 goblins
  12 hobgoblins
  3 jackals (D:1)
  10 kobolds
  7 quokkas
  A frilled lizard (D:2)
  A leopard gecko skeleton (D:7)
  2 quokka skeletons
  8 rats
160 creatures vanquished.

Vanquished Creatures (others)
  A slave (D:6)
  A leopard gecko (D:6)
2 creatures vanquished.

Grand Total: 162 creatures vanquished

Notes
Turn   | Place    | Note
-------+----------+-------------------------------------------
     0 | D:1      | raetorn the Vine Stalker Fighter began the quest for the
                  | Orb.
     0 | D:1      | Reached XP level 1. HP: 11/11 MP: 2/2
    46 | D:1      | HP: 7/11 [hobgoblin/+0 club (4)]
    51 | D:1      | Reached skill level 2 in Long Blades
   113 | D:1      | Reached XP level 2. HP: 13/16 MP: 3/3
   200 | D:1      | HP: 12/16 [goblin/+0 club (4)]
   282 | D:1      | HP: 15/16 [kobold/+0 dagger of venom (1)]
   287 | D:1      | HP: 11/16 [poisoned by a kobold]
   294 | D:1      | HP: 9/16 [poisoned by a kobold]
   296 | D:1      | Reached skill level 3 in Long Blades
   300 | D:1      | HP: 5/16 [poisoned by a kobold]
   308 | D:1      | HP: 3/16 [poisoned by a kobold]
   714 | D:1      | Reached XP level 3. HP: 19/19 MP: 4/4
   715 | D:1      | HP: 18/19 [kobold (1)]
   850 | D:2      | Found a faded altar of an unknown god.
   853 | D:2      | HP: 17/19 [hobgoblin (2)]
   858 | D:2      | HP: 15/19 [kobold (1)]
   865 | D:2      | HP: 12/19 [kobold (1)]
   969 | D:2      | Became a worshipper of Cheibriados the Contemplative
   969 | D:2      | Reached * piety under Cheibriados
   996 | D:2      | HP: 17/19 [bullfrog skeleton (2)]
  1001 | D:2      | Gained mutation: Your natural rate of healing is unusually
                  | fast. [Vine Stalker growth]
  1001 | D:2      | Reached XP level 4. HP: 18/23 MP: 3/5
  1057 | D:2      | HP: 19/23 [leopard gecko (4)]
  1119 | D:2      | Reached skill level 4 in Long Blades
  1120 | D:2      | HP: 22/23 [dart slug/slug dart (1)]
  1181 | D:2      | Found a burning altar of Makhleb.
  1266 | D:2      | HP: 21/23 [hobgoblin (2)]
  1382 | D:2      | HP: 20/23 [rat (3)]
  1425 | D:2      | Found a bloodstained altar of Trog.
  1460 | D:2      | HP: 20/23 [adder (3)]
  1462 | D:2      | Reached ** piety under Cheibriados
  1462 | D:2      | Reached XP level 5. HP: 19/27 MP: 4/6
  1490 | D:2      | HP: 24/27 [hobgoblin (3)]
  1495 | D:2      | HP: 22/27 [hobgoblin (3)]
  1508 | D:2      | HP: 24/27 [orc/+0 flail (3)]
  1530 | D:2      | HP: 26/27 [giant cockroach (1)]
  1554 | D:2      | HP: 26/27 [hobgoblin/+0 club (1)]
  1760 | D:3      | Reached skill level 5 in Long Blades
  1795 | D:3      | HP: 26/27 [worker ant (1)]
  1800 | D:3      | HP: 23/27 [poisoned by a worker ant]
  1805 | D:3      | HP: 24/27 [poisoned by a worker ant]
  1813 | D:3      | HP: 26/27 [poisoned by a worker ant]
  1818 | D:3      | HP: 21/27 [poisoned by an orc]
  1823 | D:3      | HP: 19/27 [poisoned by an orc]
  1829 | D:3      | HP: 18/27 [poisoned by an orc]
  1834 | D:3      | HP: 19/27 [poisoned by an orc]
  1839 | D:3      | HP: 21/27 [poisoned by an orc]
  1846 | D:3      | HP: 24/27 [poisoned by an orc]
  1854 | D:3      | HP: 26/27 [poisoned by an orc]
  1893 | D:3      | HP: 26/27 [kobold/+0 short sword (1)]
  1898 | D:3      | HP: 20/27 [worm (7)]
  1904 | D:3      | HP: 19/27 [orc/+0 hand axe (4)]
  1934 | D:3      | HP: 25/27 [orc/+0 club (2)]
  1957 | D:3      | HP: 25/27 [adder (2)]
  1962 | D:3      | Reached *** piety under Cheibriados
  1963 | D:3      | HP: 25/27 [poisoned by an adder]
  1970 | D:3      | HP: 26/27 [poisoned by an adder]
  1977 | D:3      | Reached XP level 6. HP: 32/32 MP: 7/7
  1978 | D:3      | HP: 31/32 [poisoned by an adder]
  1983 | D:3      | HP: 31/32 [poisoned by an adder]
  2026 | D:3      | HP: 31/32 [quokka (1)]
  2042 | D:3      | HP: 31/32 [quokka (1)]
  2074 | D:3      | HP: 31/32 [hobgoblin/+0 club (1)]
  2095 | D:3      | HP: 30/32 [orc wizard/+0 dagger (2)]
  2100 | D:3      | HP: 29/32 [orc/+0 dagger (1)]
  2264 | D:3      | Found a basalt altar of Yredelemnul.
  2420 | D:4      | Found a staircase to the Ecumenical Temple.
  2452 | D:4      | HP: 31/32 [quokka (1)]
  2457 | D:4      | HP: 23/32 [poisoned by a worker ant]
  2462 | D:4      | HP: 20/32 [poisoned by a worker ant]
  2467 | D:4      | Reached skill level 6 in Long Blades
  2468 | D:4      | HP: 15/32 [poisoned by a worker ant]
  2470 | D:4      | Reached **** piety under Cheibriados
  2473 | D:4      | HP: 15/32 [poisoned by a worker ant]
  2478 | D:4      | HP: 16/32 [poisoned by a worker ant]
  2486 | D:4      | HP: 19/32 [poisoned by a worker ant]
  2494 | D:4      | HP: 23/32 [poisoned by a worker ant]
  2550 | D:4      | HP: 29/32 [worker ant (3)]
  2589 | D:4      | HP: 30/32 [iguana (2)]
  2608 | D:4      | HP: 30/32 [orc/+0 short sword (2)]
  2614 | D:4      | Reached XP level 7. HP: 22/35 MP: 4/8
  2617 | D:4      | HP: 12/35 [ogre/+0 giant club (12)]
  2618 | D:4      | HP: 2/35 [ogre/+0 giant club (11)]
  2620 | D:4      | Reached skill level 7 in Long Blades
  2626 | D:4      | HP: 5/35 [iguana (3)]
  2715 | D:4      | HP: 32/35 [iguana (3)]
  2717 | D:4      | HP: 7/35 [iguana (9)]
  2920 | D:4      | HP: 34/35 [scorpion (1)]
  2925 | D:4      | HP: 29/35 [poisoned by a scorpion]
  2930 | D:4      | HP: 30/35 [poisoned by a scorpion]
  2935 | D:4      | HP: 33/35 [poisoned by a scorpion]
  2942 | D:4      | HP: 34/35 [poisoned by a scorpion]
  3048 | D:5      | Entered Level 5 of the Dungeon
  3090 | D:5      | HP: 32/35 [hound zombie (3)]
  3644 | D:5      | Got a heavily runed chain mail
  3655 | D:5      | Identified the cursed +1 chain mail of Midwinter {MR+
                  | Dex+4} (You found it on level 5 of the Dungeon)
  3774 | D:5      | HP: 34/35 [adder skeleton (1)]
  3903 | D:5      | Found a deep blue altar of Sif Muna.
  3903 | D:5      | Found an opulent altar of Gozag.
  3904 | D:5      | Found a stormy altar of Qazlal.
  3969 | D:5      | Found a sparkling altar of Nemelex Xobeh.
  4001 | D:5      | HP: 31/35 [phantom (4)]
  4121 | D:5      | Found an iron altar of Okawaru.
  4180 | D:5      | Got an ichor-stained helmet
  4186 | D:5      | Identified the +2 helmet of the Final Wishes {*Slow rElec
                  | Dex+2} (You found it on level 5 of the Dungeon)
  4299 | D:6      | HP: 29/35 [gnoll/+0 spear (6)]
  4300 | D:6      | Reached skill level 8 in Long Blades
  4304 | D:6      | HP: 21/35 [gnoll/+0 halberd (5)]
  4392 | D:6      | HP: 32/35 [iguana (3)]
  4400 | D:6      | Noticed Pikel
  4412 | D:6      | HP: 31/35 [Pikel/+1 whip of electrocution (4)]
  4416 | D:6      | Killed Pikel
  4416 | D:6      | Reached skill level 9 in Long Blades
  4416 | D:6      | Gained mutation: You have razor-sharp teeth. [Vine Stalker
                  | growth]
  4416 | D:6      | Reached XP level 8. HP: 31/39 MP: 6/9
  4523 | D:6      | Found an ornate altar of the Wu Jian Council.
  4548 | D:6      | Found a bloodstained altar of Trog.
  4554 | D:6      | HP: 38/39 [black bear (1)]
  4559 | D:6      | HP: 27/39 [black bear (2)]
  4621 | D:6      | HP: 36/39 [phantom (3)]
  4624 | D:6      | Reached skill level 10 in Long Blades
  4779 | D:7      | Reached ***** piety under Cheibriados
  4802 | D:7      | HP: 37/39 [bullfrog (2)]
  4804 | D:7      | Reached skill level 1 in Invocations
  4807 | D:7      | HP: 38/39 [giant cockroach (1)]
  4825 | D:7      | Reached XP level 9. HP: 43/43 MP: 9/11
  4930 | D:7      | HP: 42/43 [scorpion (1)]
  4941 | D:7      | HP: 37/43 [something (5)]
  4948 | D:7      | HP: 35/43 [sky beast (2)]
  4954 | D:7      | HP: 35/43 [something (1)]
  4957 | D:7      | Identified the ring of the Butterfly {*Corrode rC+ rN++
                  | Str+3}
  4963 | D:7      | HP: 36/43 [something (2)]
  4973 | D:7      | Killed an unseen horror
  5010 | D:7      | HP: 40/43 [worker ant (3)]
  5016 | D:7      | HP: 42/43 [poisoned by a worker ant]
  5023 | D:7      | HP: 42/43 [poisoned by a worker ant]
  5087 | D:7      | HP: 41/43 [yak (2)]
  5090 | D:7      | Reached skill level 11 in Long Blades
  5090 | D:7      | Reached skill level 5 in Invocations
  5180 | D:7      | HP: 42/43 [hog (1)]
  5185 | D:7      | HP: 31/43 [hog (5)]
  5190 | D:7      | HP: 30/43 [hog (3)]
  5195 | D:7      | HP: 26/43 [yak (7)]
  5199 | D:7      | Reached XP level 10. HP: 30/47 MP: 15/15
  5200 | D:7      | HP: 29/47 [human/+0 hand axe (2)]
  5323 | D:7      | HP: 39/47 [centaur/arrow (8)]
  5524 | D:8      | HP: 39/47 [yak (8)]
  5626 | D:8      | Reached skill level 1 in Bows
  5630 | D:8      | Found a staircase to the Lair.
  5631 | D:8      | Noticed a fire dragon
  5631 | D:8      | HP: 36/47 [fire dragon/blast of flame (11)]
  5638 | D:8      | HP: 26/70 [fire dragon/blast of flame (33)]
  5644 | D:8      | Killed from afar by a fire dragon

Skill      XL: |  1  2  3  4  5  6  7  8  9 10 |
---------------+-------------------------------+-----
Long Blades    | 2 3 4 5 6 9 10 11 | 11.5
Invocations    | 1 6 |  6.5
Bows           | 1 |  1.0
Fighting       | |  2.6
Armour         | |  2.4
Shields        | |  2.6

Action                   |  1- 3 |  4- 6 |  7- 9 | 10-12 || total
-------------------------+-------+-------+-------+-------++-------
Melee: Long sword        |    58 |   162 |   151 |    25 ||   396
       Bite              |    21 |    77 |   106 |    14 ||   218
 Fire: Shortbow          |       |       |       |     3 ||     3
  Use: Potion            |       |       |       |     2 ||     2
 Stab: Sleeping          |       |       |     1 |       ||     1
       Distracted        |       |       |     1 |       ||     1
  Eat: Chunk             |       |     3 |     5 |     1 ||     9
Armor: Scale mail        |    25 |    78 |     8 |       ||   111
       Chain mail        |       |       |   101 |    13 ||   114
       Skin              |       |       |       |    11 ||    11
Dodge: Dodged            |    35 |    80 |    67 |     5 ||   187
Block: Shield            |     7 |       |       |       ||     7
       Rpst.: Long sword |    15 |    22 |    18 |     1 ||    56
